 Dungeon Crawl Stone Soup version 0.30-a0-779-g7971cf1 (webtiles) character file.

Game seed: 9296074931524814673

1428 Illumine the Covered (level 8, -4/52 HPs)
             Began as a Gargoyle Fighter on Feb 16, 2023.
             Was a Follower of Okawaru.
             Slain by Menkaure (12 damage)
             ... on level 6 of the Dungeon on Feb 17, 2023.
             The game lasted 00:05:50 (4372 turns).

Illumine the Covered (Gargoyle Fighter)             Turns: 4372, Time: 00:05:51

Health: -4/52      AC: 25    Str: 22    XL:     8   Next: 72%
Magic:  9/9        EV:  6    Int:  9    God:    Okawaru [*.....]
Gold:   248        SH:  4    Dex:  9    Spells: 7/7 levels left

rFire   . . .      SeeInvis .    E - +7 short sword "Qomeadde" {heavy, rElec Will+}
rCold   . . .      Faith    .    c - +0 buckler
rNeg    + . .      Spirit   .    h - +0 plate armour
rPois   ∞          Reflect  .    u - +0 helmet
rElec   +          Harm     .    A - +1 cloak
rCorr   .          Rampage  .    n - +0 pair of gloves
Will    +....                    y - +0 pair of boots Stlth
                                 (no amulet)
HPRegen 0.28/turn                (no ring)
MPRegen 0.11/turn                (no ring)

@: no status effects
A: sickness immunity, AC +5, negative energy resistance 1, electricity
resistance, torment resistance 1, petrification resistance
a: Renounce Religion, Heroism


You were on level 6 of the Dungeon.
You worshipped Okawaru.
Okawaru was aware of your devotion.
You visited 2 branches of the dungeon, and saw 7 of its levels.

You collected 248 gold pieces.

Inventory:

Hand Weapons
 a - a +0 flail
 o - the +8 dagger of Salt {flame, MP+9 Str+5}
   (You found it on level 2 of the Dungeon)

   Str:       It affects your strength (+5).
   MP:        It affects your magic capacity (+9).
 w - a +0 sling
 x - the +9 dagger of the Shifting Jester {heavy, Will+}
   (You found it on level 3 of the Dungeon)

   Will:      It increases your willpower.
 E - the +7 short sword "Qomeadde" (weapon) {heavy, rElec Will+}
   (You found it on level 5 of the Dungeon)

   rElec:     It insulates you from electricity.
   Will:      It increases your willpower.
 I - a +2 heavy flail
Missiles
 f - 5 boomerangs
 m - 6 poisoned darts (quivered)
Armour
 c - a +0 buckler (worn)
 h - a +0 plate armour (worn)
 n - a +0 pair of gloves (worn)
 u - a +0 helmet (worn)
 y - a +0 pair of boots (worn)
 A - a +1 cloak (worn)
Jewellery
 F - a ring of resist corrosion
Wands
 t - a wand of flame (2)
Scrolls
 e - 2 scrolls of fear {unknown}
 j - a scroll of magic mapping {unknown}
 k - a scroll of immolation {unknown}
 p - 2 scrolls of vulnerability {unknown}
 q - 4 scrolls of identify {unknown}
 s - a scroll of teleportation {unknown}
 B - 3 scrolls of amnesia {unknown}
 C - a scroll of poison {unknown}
 D - a scroll of acquirement {unknown}
Potions
 b - a potion of flight {unknown}
 d - 2 potions of might
 g - 2 potions of lignification {unknown}
 i - 2 potions of brilliance {unknown}
 l - 3 potions of curing {unknown}
 r - 5 potions of attraction {unknown}
 v - 3 potions of haste {unknown}
 z - 2 potions of mutation {unknown}
 G - a potion of degeneration {unknown}
 J - a potion of heal wounds {unknown}


   Skills:
 + Level 6.4 Fighting
 + Level 6.2 Maces & Flails
 * Level 7.5 Armour
 - Level 4.0 Shields
 + Level 2.2 Invocations


You had 7 spell levels left.
You didn't know any spells.
Your spell library contained the following spells:

 Spells                   Type           Power      Damage    Failure   Level
 Ensorcelled Hibernation  Hex/Ice        0%         N/A       100%        2
 Passwall                 Tmut/Erth      0%         N/A       100%        2
 Static Discharge         Conj/Air       0%         2-2/arc   100%        2
 Stone Arrow              Conj/Erth      0%         3d7       100%        3
 Swiftness                Air            0%         N/A       100%        3
 Summon Lightning Spire   Summ/Air       Unusable   N/A       N/A         4

Dungeon Overview and Level Annotations

Branches:
Dungeon (6/15)             Temple (1/1) D:6

Altars:
Ashenzari
Cheibriados
Dithmenos
Elyvilon
Fedhas
Gozag
Hepliaklqana
Makhleb
Okawaru
Qazlal
Ru
Trog
Vehumet
Yredelemnul
Zin
The Shining One

Annotations:
D:6 Menkaure


Innate Abilities, Weirdness & Mutations

You are immune to sickness and miasma.
Your stone body is resilient. (AC +5)
You are immune to poison.
You resist negative energy. (rN+)
You are resistant to electric shocks. (rElec)
You are resistant to unholy torment.
You are immune to petrification.


Message History

You hit Menkaure.
Menkaure is lightly damaged.
The white imp hits you but does no damage.
Menkaure hits you.
The white imp hits you but does no damage.
You hit Menkaure.
Menkaure is moderately damaged.
Menkaure hits you. You block the white imp's attack.
Menkaure hits you but does no damage.
You hit Menkaure.
Menkaure is heavily damaged.
Menkaure barely misses you. You block the white imp's attack.
Menkaure gestures at you while chanting.
You resist with some effort. The white imp closely misses you.
You completely miss Menkaure.
Menkaure is heavily damaged.
Menkaure hits you but does no damage. The white imp gestures at you.
The puff of frost hits you. The ice beast hits you. The ice beast freezes you.
* * * LOW HITPOINT WARNING * * *
Menkaure calls on the powers of darkness!
Your body is wracked with pain!
* * * LOW HITPOINT WARNING * * *
The ice beast convulses!
Aiming: Fastroot
Press: ? - help, Shift-Dir - straight line, f - white imp
Aim: a white imp The roots erupt in riotous growth!
Roots grab the white imp.
The ice beast is unaffected.
Roots grab Menkaure.
The now-empty wand crumbles to dust.
The grasping roots constrict Menkaure.
The grasping roots constrict the white imp.
You hear a shout!
The white imp gestures at you. The puff of frost hits you.
* * * LOW HITPOINT WARNING * * *
The ice beast hits you but does no damage.
Menkaure hits you!
You die...

#...^.≈.$..#...
#.........≈...≈.
#...#.#.#.......
##..........#.#..
#.....≈...≈.....≈
##......#....≈...
##.....≈...Y.....≈
......#.........@5.#.#..
......#.......#.#M......
.................≈...≈.
##.............≈....#...
.........#.......≈...≈.
#.........#.#.#.......
#......##........#.#..
#......#...≈...≈.....≈
##.#....##....#....≈..


You could see an ice beast, Menkaure (fast, rooted) and a white imp (rooted).

Vanquished Creatures
  Sigmund (D:6)
  Eustachio (D:5)
  A centaur (D:6)
  3 ogres
  A necrophage (D:6)
  A scorpion (D:5)
  An electric eel (D:6)
  6 hounds
  An orc priest (D:6)
  A gnoll bouda (D:5)
  5 iguanas
  2 orc wizards (D:3)
  Robin (D:3)
  8 gnolls (D:5)
  6 adders
  A white imp (D:5)
  6 dart slugs
  5 orcs
  2 ball pythons (D:1)
  10 endoplasms
  2 giant cockroaches
  11 goblins
  15 hobgoblins
  2 quokkas
  3 frilled lizards
  8 kobolds
  A rat (D:1)
105 creatures vanquished.

Notes
Turn   | Place    | Note
-------+----------+-------------------------------------------
     0 | D:1      | Illumine the Gargoyle Fighter began the quest for the Orb.
     0 | D:1      | Reached XP level 1. HP: 14/14 MP: 1/1
   175 | D:1      | Reached XP level 2. HP: 18/19 MP: 2/2
   381 | D:1      | Reached XP level 3. HP: 18/23 MP: 3/3
   707 | D:2      | Identified the +8 dagger of Salt {flame, MP+9 Str+5}
  1136 | D:2      | Found a sacrificial altar of Ru.
  1373 | D:3      | Got the Monograph on the Telluric Zephyr
  1383 | D:3      | Noticed Robin
  1400 | D:2      | Reached XP level 4. HP: 28/29 MP: 4/4
  1460 | D:3      | Killed Robin
  1515 | D:3      | Identified the +9 dagger of the Shifting Jester {heavy,
                  | Will+}
  1644 | D:3      | Reached XP level 5. HP: 33/33 MP: 5/5
  2077 | D:4      | Found a bloodstained altar of Trog.
  2265 | D:4      | Reached skill level 4 in Armour
  2265 | D:4      | Reached XP level 6. HP: 34/39 MP: 6/6
  2731 | D:5      | Entered Level 5 of the Dungeon
  2774 | D:5      | Found a glowing silver altar of Zin.
  2774 | D:5      | Found a shadowy altar of Dithmenos.
  2832 | D:5      | Found a white marble altar of Elyvilon.
  2885 | D:5      | Reached skill level 5 in Fighting
  2885 | D:5      | Reached skill level 5 in Maces & Flails
  2889 | D:5      | Reached XP level 7. HP: 14/44 MP: 7/7
  3037 | D:5      | Identified the +7 short sword "Qomeadde" {heavy, rElec
                  | Will+}
  3050 | D:5      | Reached skill level 5 in Armour
  3083 | D:5      | Found a burning altar of Makhleb.
  3608 | D:5      | Noticed Eustachio
  3617 | D:5      | Reached skill level 6 in Armour
  3622 | D:5      | Killed Eustachio
  3623 | D:5      | Reached XP level 8. HP: 32/51 MP: 8/8
  3812 | D:6      | Found a staircase to the Ecumenical Temple.
  3830 | Temple   | Entered the Ecumenical Temple
  3849 | Temple   | Became a worshipper of Warmaster Okawaru
  3940 | D:6      | Reached skill level 1 in Invocations
  4091 | D:6      | Found a hazy altar of Hepliaklqana.
  4109 | D:6      | Noticed Sigmund
  4113 | D:6      | Reached skill level 7 in Armour
  4120 | D:6      | Killed Sigmund
  4120 | D:6      | Reached * piety under Okawaru
  4362 | D:6      | Noticed Menkaure
  4372 | D:6      | Slain by Menkaure

Illustrated notes

Levels and vault maps discovered:
D:1:      lightli_arrival_farm, layout_basic, minmay_tree_intersection
D:2:      layout_loops_ring, basic_altar
D:3:      layout_rooms, dk_vineyard_1, uniq_robin
D:4:      layout_basic, trog_butcher_becter
D:5:      layout_loops_ring, lemuel_round_altar, lemuel_crystal_altar,
          mainiacjoe_overflow_divided_tiny, uniq_eustachio
D:6:      cheibrodos_barr_body, layout_cave_pools, led_sif_pool,
          lemuel_round_altar, nicolae_overflow_hidden_temple,
          nicolae_kite_square_tiling_tiny, uniq_menkaure, uniq_sigmund
Temple:   nicolae_temple_ecumenical_triangle

Skill      XL: |  1  2  3  4  5  6  7  8 |
---------------+-------------------------+-----
Maces & Flails | 3 4 5 6 |  6.2
Fighting       | 4 5 6 |  6.4
Shields        | 4 |  4.0
Armour         | 4 6 7 |  7.5
Invocations    | 2 |  2.2

Action                     |  1- 3 |  4- 6 |  7- 9 || total
---------------------------+-------+-------+-------++-------
  Melee: Flail             |    55 |       |       ||    55
         Dagger            |    22 |   145 |     4 ||   171
         Short sword       |       |       |    97 ||    97
  Throw: Dart              |     3 |       |     2 ||     5
         Boomerang         |     2 |       |     2 ||     4
  Evoke: Wand              |       |     1 |     3 ||     4
 Armour: Scale mail        |     6 |       |       ||     6
         Plate armour      |    49 |   134 |   112 ||   295
  Dodge: Dodged            |    21 |    61 |    49 ||   131
  Block: Buckler           |    13 |    37 |    30 ||    80

Table legend: (Time is in decaauts)
 A = Elapsed time spent in this place.
 B = Non-inter-level travel time spent in this place.
 C = Inter-level travel time spent in this place.
 D = Time resting spent in this place.
 E = Time spent auto-exploring this place.
 F = Levels seen in this place.
 G = Mean time per level.
                   A        B        C        D        E       F      G
               +--------+--------+--------+--------+--------+-----+--------+
         Total |   4533 |   4440 |     93 |    543 |   2858 |   7 |  647.6 |
       Dungeon |   4508 |   4415 |     93 |    543 |   2858 |   6 |  751.3 |
        Temple |     24 |     24 |      0 |      0 |      0 |   1 |   24.0 |
               +--------+--------+--------+--------+--------+-----+--------+

Top non-repeatable levels by time:
     D:5: 1126 daAuts
     D:4: 895 daAuts
     D:2: 844 daAuts
     D:1: 598 daAuts
     D:6: 565 daAuts
     D:3: 477 daAuts
  Temple: 24 daAuts
